NCAA
RUTGERS SCARLET KNIGHTS @ IOWA HAWKEYES
05/18/2024
 
TOP OF THE 1ST
Rutgers Scarlet Knights batting - Pitching for Iowa Hawkeyes : RHP Rodrigo Morales
Pitching: RHP Rodrigo Morales
Batting: SHB Woody Stanley 0-0: Ball
1-0: Foul Ball, location: 2F
1-1: Ball
2-1: Foul Ball, location: 2F
2-2: Ball
3-2: Fly out, F8 (Flyball, 8LM)
Batting: RHB Chris Vásquez 0-0: Ball
1-0: Called Strike
1-1: Called Strike
1-2: Strikes out swinging
Batting: RHB John Patterson 0-0: Fly out, F8 (Flyball, 8RS)
Top of the 1st over - 0 run(s), 0 hit(s), 0 error(s), 0 left on base; Rutgers 0 - Iowa 0
BOTTOM OF THE 1ST
Iowa Hawkeyes batting - Pitching for Rutgers Scarlet Knights : LHP Jason Simpson
Pitching: LHP Jason Simpson
Batting: RHB Manuel Gómez 0-0: Ball
1-0: SINGLE (Line Drive, 6MD)
Batting: RHB Gary Simmons 0-0: Foul Ball, location: 2F
0-1: Ball
1-1: Ball
2-1: Foul Ball, location: 2F
2-2: Ball
3-2: Foul Ball, location: 2F
3-2: Strikes out swinging
Manuel Gómez is caught stealing 2nd base
Batter strikes out.
Batting: LHB Rob Davidson 0-0: Ball
1-0: Ground out 3-1 (Groundball, 34)
Bottom of the 1st over - 0 run(s), 1 hit(s), 0 error(s), 0 left on base; Rutgers 0 - Iowa 0
TOP OF THE 2ND
Rutgers Scarlet Knights batting - Pitching for Iowa Hawkeyes : RHP Rodrigo Morales
Batting: LHB Bob Dunham 0-0: Ball
1-0: Called Strike
1-1: Foul Ball, location: 2F
1-2: Strikes out swinging
Batting: RHB Dave Pierce 0-0: Ball
1-0: Foul Ball, location: 2F
1-1: Foul Ball, location: 2F
1-2: Strikes out looking
Batting: LHB Zach Baxter 0-0: Called Strike
0-1: Ball
1-1: Called Strike
1-2: DOUBLE (Line Drive, 78M)
Batting: RHB Frank Morris 0-0: Ball
1-0: Called Strike
1-1: SINGLE (Groundball, 6)
Zach Baxter to third
Runner from 3rd tries for Home, SAFE, throw made home
Frank Morris to second
Batting: RHB Buddy Brown 0-0: Swinging Strike
0-1: Called Strike
0-2: Strikes out looking
Top of the 2nd over - 1 run(s), 2 hit(s), 0 error(s), 1 left on base; Rutgers 1 - Iowa 0
BOTTOM OF THE 2ND
Iowa Hawkeyes batting - Pitching for Rutgers Scarlet Knights : LHP Jason Simpson
Batting: RHB Rusty Anderson 0-0: Ball
1-0: DOUBLE (Flyball, 8RM)
Batting: RHB José Gonzáles 0-0: Foul Ball, location: 2F
0-1: Fly out, F8 (Flyball, 8RM)
Batting: RHB Miguel Costa 0-0: Ball
1-0: Called Strike
1-1: Ball
2-1: Ball
3-1: Base on Balls
Batting: RHB Kelsey Scott 0-0: Ball
Rusty Anderson steals 3rd base
Miguel Costa to second
1-0: Reached on error, E6 (Groundball, 6)
Rusty Anderson scores
Miguel Costa to third
Batting: RHB Joe Brinkman 0-0: Ball
1-0: Ball
2-0: Ball
3-0: Called Strike
3-1: Foul Ball, location: 2F
3-2: Base on Balls
Kelsey Scott to second
Batting: LHB Gilbert Stegall 0-0: Ball
1-0: Grounds into double play, 4-6-3 (Groundball, 4)
Bottom of the 2nd over - 1 run(s), 1 hit(s), 1 error(s), 2 left on base; Rutgers 1 - Iowa 1
TOP OF THE 3RD
Rutgers Scarlet Knights batting - Pitching for Iowa Hawkeyes : RHP Rodrigo Morales
Batting: RHB Steve West 0-0: Called Strike
0-1: Swinging Strike
0-2: Ball
1-2: Foul Ball, location: 2F
1-2: Foul Ball, location: 2F
1-2: Ball
2-2: Ground out 4-3 (Groundball, 4)
Batting: SHB Woody Stanley 0-0: Foul Ball, location: 2F
0-1: Ball
1-1: Ball
2-1: SINGLE (Groundball, 15) (infield hit)
Batting: RHB Chris Vásquez 0-0: Called Strike
0-1: Foul Ball, location: 2F
0-2: Ball
Wild Pitch!
Woody Stanley to second
1-2: Ball
2-2: Foul Ball, location: 2F
2-2: Ball
3-2: Fly out, F9 (Flyball, 8RM)
Batting: RHB John Patterson 0-0: Ball
1-0: Ball
2-0: Called Strike
2-1: Swinging Strike
2-2: Foul Ball, location: 2F
2-2: Strikes out swinging
Top of the 3rd over - 0 run(s), 1 hit(s), 0 error(s), 1 left on base; Rutgers 1 - Iowa 1
BOTTOM OF THE 3RD
Iowa Hawkeyes batting - Pitching for Rutgers Scarlet Knights : LHP Jason Simpson
Batting: RHB Manuel Gómez 0-0: Ball
1-0: Foul Ball, location: 2F
1-1: SINGLE (Line Drive, 89S)
Batting: RHB Gary Simmons 0-0: Called Strike
0-1: Ball
1-1: Foul Ball, location: 2F
1-2: Ball
2-2: SINGLE (Line Drive, 7S)
Manuel Gómez to second
Batting: LHB Rob Davidson 0-0: Fly out, F7 (Flyball, 7LM)
Batting: RHB Rusty Anderson 0-0: Called Strike
0-1: Swinging Strike
0-2: Ball
1-2: Strikes out swinging
Batting: RHB José Gonzáles 0-0: Called Strike
0-1: Ball
1-1: Foul Ball, location: 2F
1-2: Foul Ball, location: 2F
1-2: Foul Ball, location: 2F
1-2: SINGLE (Groundball, 56)
Manuel Gómez to third
Gary Simmons to second
Runner from 3rd tries for Home, SAFE, no throw or cutoff
Batting: RHB Miguel Costa 0-0: Ball
1-0: Ball
2-0: Swinging Strike
2-1: SINGLE (Line Drive, 56D)
Gary Simmons to third
José Gonzáles to second
Runner from 3rd tries for Home, SAFE, no throw or cutoff
Batting: RHB Kelsey Scott 0-0: Foul Ball, location: 2F
0-1: Foul Ball, location: 2F
0-2: Ball
1-2: Strikes out looking
Bottom of the 3rd over - 2 run(s), 4 hit(s), 0 error(s), 2 left on base; Rutgers 1 - Iowa 3
TOP OF THE 4TH
Rutgers Scarlet Knights batting - Pitching for Iowa Hawkeyes : RHP Rodrigo Morales
Batting: LHB Bob Dunham 0-0: Swinging Strike
0-1: Swinging Strike
0-2: SINGLE (Line Drive, 56D)
Batting: RHB Dave Pierce 0-0: Ball
1-0: Ball
2-0: Called Strike
2-1: Foul Ball, location: 2F
2-2: Strikes out swinging
Batting: LHB Zach Baxter 0-0: Ball
1-0: Ball
2-0: Foul Ball, location: 2F
2-1: Foul Ball, location: 2F
2-2: Foul Ball, location: 2F
2-2: Ball
3-2: Strikes out looking
Batting: RHB Frank Morris 0-0: Called Strike
0-1: Ball
1-1: Called Strike
1-2: Ball
2-2: Ball
Passed Ball!
Bob Dunham to second
3-2: Strikes out swinging
Top of the 4th over - 0 run(s), 1 hit(s), 0 error(s), 1 left on base; Rutgers 1 - Iowa 3
BOTTOM OF THE 4TH
Iowa Hawkeyes batting - Pitching for Rutgers Scarlet Knights : LHP Jason Simpson
Batting: RHB Joe Brinkman 0-0: Called Strike
0-1: Foul Ball, location: 2F
0-2: Ball
1-2: Strikes out swinging
Batting: LHB Gilbert Stegall 0-0: Bunt for hit - play at first, batter safe!
Batting: RHB Manuel Gómez 0-0: Ball
1-0: Swinging Strike
1-1: Ball
2-1: SINGLE (Line Drive, 6MD)
Gilbert Stegall to second
Batting: RHB Gary Simmons 0-0: Ball
1-0: Called Strike
1-1: Ball
2-1: Ball
3-1: Swinging Strike
3-2: Base on Balls
Gilbert Stegall to third
Manuel Gómez to second
Batting: LHB Rob Davidson 0-0: Ball
1-0: Foul Ball, location: 2F
1-1: Ball
2-1: Ball
3-1: Foul Ball, location: 2F
3-2: Fly out, F9 (Flyball, 89S)
Batting: RHB Rusty Anderson 0-0: Ground out 1-3 (Groundball, 15)
Bottom of the 4th over - 0 run(s), 2 hit(s), 0 error(s), 3 left on base; Rutgers 1 - Iowa 3
TOP OF THE 5TH
Rutgers Scarlet Knights batting - Pitching for Iowa Hawkeyes : RHP Rodrigo Morales
Batting: RHB Buddy Brown 0-0: Swinging Strike
0-1: Ball
1-1: Called Strike
1-2: Fly out, F9 (Flyball, 9LS)
Batting: RHB Steve West 0-0: Ball
1-0: Ball
2-0: Called Strike
2-1: Ball
3-1: Base on Balls
Pitching: RHP Ed Meadows
Batting: SHB Woody Stanley 0-0: Called Strike
Steve West steals 2nd base
0-1: Fly out, F7 (Flyball, 78M)
Batting: RHB Chris Vásquez 0-0: Fly out, F6 (Line Drive, 6)
Top of the 5th over - 0 run(s), 0 hit(s), 0 error(s), 1 left on base; Rutgers 1 - Iowa 3
BOTTOM OF THE 5TH
Iowa Hawkeyes batting - Pitching for Rutgers Scarlet Knights : LHP Jason Simpson
Batting: RHB José Gonzáles 0-0: Foul Ball, location: 2F
0-1: Foul Ball, location: 2F
0-2: Ball
1-2: Strikes out swinging
Pitching: RHP Steve Poole
Batting: RHB Miguel Costa 0-0: Ball
1-0: Swinging Strike
1-1: Called Strike
1-2: Strikes out swinging
Batting: RHB Kelsey Scott 0-0: Called Strike
0-1: Ball
1-1: Ball
2-1: Foul Ball, location: 2F
2-2: Ball
3-2: Foul Ball, location: 2F
3-2: Foul Ball, location: 2F
3-2: Fly out, F8 (Flyball, 8LM)
Bottom of the 5th over - 0 run(s), 0 hit(s), 0 error(s), 0 left on base; Rutgers 1 - Iowa 3
TOP OF THE 6TH
Rutgers Scarlet Knights batting - Pitching for Iowa Hawkeyes : RHP Ed Meadows
Batting: RHB John Patterson 0-0: Ground out 1-3 (Groundball, 23)
Batting: LHB Bob Dunham 0-0: Foul Ball, location: 2F
0-1: Ball
1-1: Swinging Strike
1-2: Strikes out looking
Batting: RHB Dave Pierce 0-0: Ball
1-0: Called Strike
This league is powered by Out of the Park Baseball, the baseball management simulation game for PC, Mac and Linux
Saturday, April 9th, 2016 - OOTP Baseball 16.8 Build 38